 Dungeon Crawl Stone Soup version 0.23.0 (webtiles) character file.

Game seed: 12053098999369358130

107 Jannitor the Skirmisher (level 4, -7/45 HPs)
             Began as an Ogre Chaos Knight on Feb 10, 2019.
             Was a Plaything of Xom.
             Mangled by Natasha (10 damage)
             ... on level 2 of the Dungeon.
             The game lasted 00:02:22 (1481 turns).

Jannitor the Skirmisher (Ogre Chaos Knight)         Turns: 1481, Time: 00:02:24

Health: -7/45      AC:  5    Str: 18    XL:     4   Next: 85%
Magic:  4/4        EV: 10    Int: 15    God:    Xom [....*.]
Gold:   99         SH:  0    Dex:  9    Spells: 3/3 levels left

rFire    . . .     SeeInvis .   a - +0 spear (chaos)
rCold    . . .     Gourm    +   (no shield)
rNeg     . . .     Faith    .   b - +2 robe
rPois    .         Spirit   .   (helmet restricted)
rElec    .         Reflect  .   (no cloak)
rCorr    .         Harm     .   (gloves unavailable)
MR       .....                  (boots unavailable)
Stlth    +.........             j - amulet of the gourmand
HPRegen  0.15/turn              (no ring)
MPRegen  0.09/turn              (no ring)

@: confused
A: large, unfitting armour, clever 1, frail 1, strong 1, tough skin 1
a: Renounce Religion


You were on level 2 of the Dungeon.
You worshipped Xom.
You were a beloved toy of Xom.
You were completely stuffed.

You visited 1 branch of the dungeon, and saw 2 of its levels.

You collected 99 gold pieces.

Inventory:

Hand Weapons
 a - a +0 spear of chaos (weapon)
Armour
 b - a +2 robe (worn)
Jewellery
 d - an uncursed ring of ice
 h - an uncursed ring of fire
 j - an amulet of the gourmand (around neck)
 p - an uncursed ring of ice
Scrolls
 g - 5 scrolls of identify {unknown}
 k - 3 scrolls of magic mapping {unknown}
 n - a scroll of teleportation {unknown}
 o - a scroll of amnesia {unknown}
 s - a scroll of remove curse {unknown}
Potions
 f - a potion of curing {unknown}
 i - a potion of ambrosia
 m - a potion of flight {unknown}
 q - a potion of might {unknown}
Comestibles
 c - 5 rations
 r - a chunk of flesh


   Skills:
 + Level 5.2 Fighting
 + Level 3.9 Polearms
 + Level 3.1 Dodging


You had 3 spell levels left.
You didn't know any spells.
Your spell library was empty.

Dungeon Overview and Level Annotations

Branches:
Dungeon (2/15)

Altars:
Kikubaaqudgha

Annotations:
D:2 Natasha


Innate Abilities, Weirdness & Mutations

You are too large for most types of armour.
You have tough skin. (AC +1)
Your mind is acute. (Int +2)
You are frail. (-10% HP)
Your muscles are strong. (Str +2)


Message History

Natasha is severely wounded.
Natasha claws you!
It was a potion of ambrosia.
You are confused.
You feel invigorated.
Xom thinks this is hilarious!
Natasha claws you!
* * * LOW HITPOINT WARNING * * *
Natasha claws you but does no damage.
It was a potion of magic.
Magic courses through your body.
Xom thinks this is hilarious!
Natasha claws you!
* * * LOW HITPOINT WARNING * * *
It was a potion of mutation.
You feel extremely strange.
You feel frail.
You feel clever.
You feel stronger. Natasha claws you!
* * * LOW HITPOINT WARNING * * *
Natasha claws you!
You die...
Xom laughs nastily!

#).....##.........# #.#
..........#######.# #.#
########..# ## #.# #.#
#..#######.####.########
#....'_'................
#..###'###..############
#..# #..# #..###.###..#
##......h@..#
#####.....# #######


You could see Natasha (berserk).

Vanquished Creatures
  Natasha (D:2)
  2 adders (D:2)
  An ooze (D:2)
  3 worms (D:2)
  2 dart slugs (D:1)
  A leopard gecko (D:1)
  5 bats
  9 giant cockroaches
  3 goblins
  3 hobgoblins
  4 jackals (D:1)
  6 kobolds
  A frilled lizard (D:1)
  2 rats
43 creatures vanquished.

Notes
Turn   | Place    | Note
-------+----------+-------------------------------------------
     0 | D:1      | Jannitor the Ogre Chaos Knight began the quest for the Orb.
     0 | D:1      | Reached XP level 1. HP: 24/24 MP: 1/1
     7 | D:1      | You fall through a shaft!
   139 | D:2      | Reached XP level 2. HP: 32/32 MP: 2/2
   336 | D:2      | Found an ancient bone altar of Kikubaaqudgha.
   339 | D:2      | Reached XP level 3. HP: 40/40 MP: 3/3
   753 | D:1      | XOM: medium Pois miscast
  1065 | D:2      | Reached XP level 4. HP: 49/49 MP: 4/4
  1234 | D:2      | XOM: divination: detect creatures
  1236 | D:2      | Reached skill level 5 in Fighting
  1323 | D:2      | Noticed Natasha
  1349 | D:2      | Killed Natasha
  1366 | D:2      | XOM: medium Hex miscast
  1464 | D:2      | Noticed Natasha
  1481 | D:2      | Gained mutation: You are frail. (-10% HP) [potion of
                  | mutation]
  1481 | D:2      | Gained mutation: Your mind is acute. (Int +2) [potion of
                  | mutation]
  1481 | D:2      | Gained mutation: Your muscles are strong. (Str +2) [potion
                  | of mutation]
  1481 | D:2      | Mangled by Natasha

Skill      XL: |  1  2  3  4 |
---------------+-------------+-----
Fighting       | 5 |  5.2
Dodging        | 3 |  3.1
Polearms       | |  3.9

Action                   |  1- 3 |  4- 6 || total
-------------------------+-------+-------++-------
Melee: Spear             |   130 |    52 ||   182
  Use: Potion            |       |     3 ||     3
 Stab: Confused          |     1 |       ||     1
  Eat: Chunk             |    16 |     3 ||    19
Armor: Robe              |    35 |     8 ||    43
Dodge: Dodged            |    55 |    23 ||    78
